 Dungeon Crawl Stone Soup version 0.30-a0-142-g7370640ec8 (webtiles) character file.

Game seed: 9029058177246016376

1280 qw the Cleaver (level 8, -2/50 HPs)
             Began as a Gargoyle Fighter on Sept 26, 2022.
             Slain by a yak (7 damage)
             ... on level 6 of the Dungeon.
             The game lasted 00:02:10 (5471 turns).

qw the Cleaver (Gargoyle Fighter)                   Turns: 5471, Time: 00:02:10

Health: -2/50      AC: 23    Str: 22    XL:     8   Next: 54%
Magic:  8/8        EV:  6    Int:  9    God:
Gold:   398        SH:  4    Dex:  9    Spells: 7/7 levels left

rFire   . . .      SeeInvis .    Y - +0 war axe
rCold   . . .      Faith    .    c - +0 buckler
rNeg    + . .      Spirit   .    e - +0 plate armour
rPois   inf        Reflect  .    (no helmet)
rElec   +          Harm     .    (no cloak)
rCorr   .          Rampage  .    (no gloves)
Will    .....                    i - +1 pair of boots
Stlth   ..........               q - amulet of the acrobat
HPRegen 0.16/turn                j - +4 ring of protection
MPRegen 0.11/turn                (no ring)

@: no status effects
A: sickness immunity, AC +5, negative energy resistance 1, electricity
resistance, torment resistance 1, petrification resistance
a: no special abilities


You were on level 6 of the Dungeon.
You visited 2 branches of the dungeon, and saw 7 of its levels.

You collected 398 gold pieces.


Innate Abilities, Weirdness & Mutations

You are immune to sickness and miasma.
Your stone body is resilient. (AC +5)
You are immune to poison.
You resist negative energy. (rN+)
You are resistant to electric shocks. (rElec)
You are resistant to unholy torment.
You are immune to petrification.


   Skills:
 + Level 5.4 Fighting
 - Level 8.0 Axes
 - Level 1.6 Throwing
 - Level 4.0 Armour
 - Level 1.2 Dodging
 - Level 3.2 Shields


You had 7 spell levels left.
You didn't know any spells.
Your spell library was empty.

Inventory:

Hand Weapons
 h - a +0 flail
 Y - a +0 war axe (weapon)
Missiles
 a - a boomerang (quivered)
Armour
 c - a +0 buckler (worn)
 e - a +0 plate armour (worn)
 i - a +1 pair of boots (worn)
Jewellery
 f - a ring of fire
 j - a +4 ring of protection (left hand)
 q - an amulet of the acrobat (around neck)
Scrolls
 n - a scroll of identify
 s - a scroll of torment {unknown}
Potions
 b - a potion of attraction {unknown}
 d - 3 potions of might
 g - a potion of resistance {unknown}
 k - a potion of lignification
 l - a potion of degeneration {unknown}
 m - a potion of haste {unknown}
 o - a potion of mutation {unknown}
 p - 4 potions of curing
 r - a potion of invisibility {unknown}

Dungeon Overview and Level Annotations

Branches:
Dungeon (6/15)             Temple (1/1) D:5

Altars:
Ashenzari
Cheibriados
Fedhas
Gozag
Makhleb
Nemelex Xobeh
Qazlal
Sif Muna
Trog
Uskayaw
Vehumet
Xom
Yredelemnul
Zin
The Shining One

Annotations:
D:5 3 runed translucent doors, qw's ghost, novice GrFi


Message History

You closely miss the yak. The yak gores you but does no damage.
A yak comes into view.
You barely miss the yak. x2
The yak gores you. The yak barely misses you.
You hit the yak but do no damage. x2
The yak gores you but does no damage.
A yak comes into view.
The yak gores you but does no damage.
The yak bellows!
You hit the yak but do no damage. You hit the yak.
The yak gores you but does no damage.
A yak comes into view.
The yak gores you.
You slash the yak!
The yak is moderately wounded.
You closely miss the yak. The yak barely misses you.
A yak comes into view.
The yak barely misses you.
You barely miss the yak.
The yak is moderately wounded.
You hit the ogre. You hit the yak. The yak gores you but does no damage.
The ogre barely misses you. You block the yak's attack.
The yak gores you but does no damage. x2
You hit the yak.
The yak is heavily wounded.
You hit the yak but do no damage. You completely miss the ogre.
You hit the yak. The ogre hits you but does no damage.
The yak barely misses you. The yak gores you but does no damage.
The yak gores you!
You hit the yak but do no damage.
The yak is heavily wounded.
You hit the ogre. You barely miss the yak. You hit the yak. The yak gores you.
The yak gores you! The ogre hits you with a +0 giant club! The yak gores you!
You slash the yak!
The yak is severely wounded.
You slash the ogre! You hit the yak. You hit the yak but do no damage.
The yak gores you. The yak gores you!
You die...

#.#.....######
#.......'....( .
#.#.....#####. ..
#.#.....# #. ...
#.#.....#####.
......#####.##..........
........................
......#####.###########.
......O@Y...# #.
......YY##### #.
#######Y# #. #Y# #) #Y.
## ... ##. .#


You could see 6 yaks and an ogre.

Vanquished Creatures
  A black bear (D:4)
  An ogre (D:5)
  A centaur (D:4)
  2 phantoms (D:5)
  A scorpion (D:4)
  2 bullfrogs
  A necrophage (D:4)
  A howler monkey (D:6)
  3 hounds
  2 jellies
  2 iguanas
  Natasha (thrice) (D:4)
  Terence (D:2)
  2 orc wizards (D:3)
  4 gnolls (D:3)
  7 adders
  2 shadow imps
  A white imp (D:5)
  3 worms
  3 orcs (D:3)
  6 ball pythons
  3 endoplasms
  10 giant cockroaches
  11 hobgoblins
  8 jackals
  6 kobolds
  6 quokkas
  8 bats
  2 frilled lizards
  10 goblins
  5 rats
118 creatures vanquished.

Vanquished Creatures (others)
  10 fungi (D:5)
  2 plants (D:2)
12 creatures vanquished.

Grand Total: 130 creatures vanquished

Notes
Turn   | Place    | Note
-------+----------+-------------------------------------------
     0 | D:1      | qw the Gargoyle Fighter began the quest for the Orb.
     0 | D:1      | Reached XP level 1. HP: 14/14 MP: 1/1
     0 | D:1      | 0 ||| qw: Version: 0.2-a-10-g399e6c4
     0 | D:1      | 0 ||| qw: Game counter: 485
     0 | D:1      | 0 ||| qw: Always use a shield: true
     0 | D:1      | 0 ||| qw: God list: Okawaru
     0 | D:1      | 0 ||| qw: Allow faded altars: false
     0 | D:1      | 0 ||| qw: Do Orc after D:15 true
     0 | D:1      | 0 ||| qw: Do second Lair branch before Depths: true
     0 | D:1      | 0 ||| qw: Lair rune preference: random
     0 | D:1      | 0 ||| qw: Plans: Normal, Zot:1-4, God:TSO, Crypt, Tomb,
                  | Pan, Slime:5, Hells, Abyss, Orb
     0 | D:1      | 0 ||| PLANNING D:1-11
    18 | D:1      | Reached skill level 2 in Axes
    65 | D:1      | Reached XP level 2. HP: 17/19 MP: 2/2
   228 | D:1      | 228 ||| Stepping ~*~*~tactically~*~*~ (stealth).
   232 | D:1      | 232 ||| Stepping ~*~*~tactically~*~*~ (stealth).
   305 | D:1      | Noticed an eye of devastation
   330 | D:1      | Reached skill level 3 in Axes
   457 | D:1      | Found a faded altar of an unknown god.
   480 | D:1      | Reached XP level 3. HP: 18/23 MP: 3/3
   566 | D:1      | Noticed a great orb of eyes
   570 | D:1      | Noticed a floating eye
   570 | D:1      | Noticed a floating eye
   792 | D:1      | 792 ||| Stepping ~*~*~tactically~*~*~ (stealth).
   807 | D:1      | 807 ||| DROPPING +0 club.
  1046 | D:1      | 1046 ||| UPGRADING to +0 pair of boots.
  1051 | D:1      | 1051 ||| READING scroll labelled OPAMAC DESOFUFALO.
  1052 | D:1      | 1052 ||| READING scroll labelled JIJAQI BIXANE.
  1053 | D:1      | 1053 ||| READING scroll labelled ZECZANGEDOT.
  1054 | D:1      | 1054 ||| READING 3 scrolls labelled YMNOACO HEID.
  1055 | D:1      | 1055 ||| READING scroll labelled ICSESOSARU.
  1056 | D:1      | 1056 ||| DRINKING 2 murky purple potions.
  1096 | D:1      | 1096 ||| DROPPING 2 scrolls of immolation.
  1143 | D:2      | 1143 ||| STAIRDANCE
  1179 | D:2      | 1179 ||| STAIRDANCE
  1293 | D:2      | 1293 ||| Stepping ~*~*~tactically~*~*~ (stealth).
  1341 | D:2      | Noticed Terence
  1343 | D:2      | 1343 ||| Stepping ~*~*~tactically~*~*~ (hiding).
  1352 | D:2      | Killed Terence
  1353 | D:2      | Reached skill level 4 in Axes
  1353 | D:2      | Reached XP level 4. HP: 11/28 MP: 4/4
  1543 | D:2      | 1543 ||| DROPPING +0 whip.
  1662 | D:2      | 1662 ||| FLEEEEING.
  1663 | D:2      | 1663 ||| FLEEEEING.
  1664 | D:2      | 1664 ||| FLEEEEING.
  1665 | D:2      | 1665 ||| FLEEEEING.
  1666 | D:2      | 1666 ||| FLEEEEING.
  1935 | D:2      | 1935 ||| Stepping ~*~*~tactically~*~*~ (stealth).
  1936 | D:2      | 1936 ||| Stepping ~*~*~tactically~*~*~ (stealth).
  1955 | D:2      | 1955 ||| UPGRADING to +0 chain mail.
  1965 | D:2      | 1965 ||| DROPPING +0 scale mail.
  1966 | D:2      | 1966 ||| READING scroll labelled ENAHUDDYFE.
  1967 | D:2      | 1967 ||| DRINKING 3 bubbling silvery potions.
  1968 | D:2      | 1968 ||| DRINKING 2 white potions.
  2067 | D:3      | Identified the +5 short sword of Risus {vorpal, Stlth+}
  2087 | D:3      | Reached XP level 5. HP: 31/32 MP: 5/5
  2137 | D:3      | 2137 ||| Stepping ~*~*~tactically~*~*~ (stealth).
  2270 | D:3      | 2270 ||| Stepping ~*~*~tactically~*~*~ (stealth).
  2270 | D:3      | HP: 4/32 [gnoll/+0 flail (7)]
  2271 | D:3      | 2271 ||| Stepping ~*~*~tactically~*~*~ (stealth).
  2272 | D:3      | 2272 ||| DRINKING 2 potions of heal wounds.
  2276 | D:3      | Reached skill level 5 in Axes
  2324 | D:3      | 2324 ||| Stepping ~*~*~tactically~*~*~ (stealth).
  2333 | D:3      | 2333 ||| Stepping ~*~*~tactically~*~*~ (stealth).
  2343 | D:3      | Reached XP level 6. HP: 35/38 MP: 6/6
  2447 | D:3      | 2447 ||| Stepping ~*~*~tactically~*~*~ (stealth).
  2448 | D:3      | 2448 ||| Stepping ~*~*~tactically~*~*~ (stealth).
  2449 | D:3      | 2449 ||| Stepping ~*~*~tactically~*~*~ (stealth).
  2450 | D:3      | 2450 ||| Stepping ~*~*~tactically~*~*~ (stealth).
  2487 | D:3      | 2487 ||| Stepping ~*~*~tactically~*~*~ (stealth).
  2602 | D:3      | Found a hide-covered altar of Uskayaw.
  2878 | D:3      | 2878 ||| UPGRADING to amulet of the acrobat.
  2883 | D:3      | 2883 ||| READING scroll labelled ZELIXA PEDDIEH.
  2899 | D:4      | Found a basalt altar of Yredelemnul.
  2964 | D:4      | Reached skill level 6 in Axes
  3185 | D:4      | 3185 ||| Stepping ~*~*~tactically~*~*~ (stealth).
  3186 | D:4      | 3186 ||| Stepping ~*~*~tactically~*~*~ (stealth).
  3203 | D:4      | Noticed Natasha
  3217 | D:4      | Killed Natasha
  3218 | D:4      | Reached skill level 1 in Dodging
  3218 | D:4      | Reached XP level 7. HP: 23/43 MP: 7/7
  3236 | D:4      | Noticed Natasha
  3245 | D:4      | Killed Natasha
  3250 | D:4      | HP: 10/43 [hobgoblin (1)]
  3251 | D:4      | 3251 ||| DRINKING potion of heal wounds.
  3382 | D:4      | 3382 ||| Stepping ~*~*~tactically~*~*~ (stealth).
  3384 | D:4      | 3384 ||| Stepping ~*~*~tactically~*~*~ (stealth).
  3385 | D:4      | 3385 ||| Stepping ~*~*~tactically~*~*~ (stealth).
  3386 | D:4      | 3386 ||| Stepping ~*~*~tactically~*~*~ (stealth).
  3390 | D:4      | 3390 ||| Stepping ~*~*~tactically~*~*~ (stealth).
  3489 | D:4      | Noticed Natasha
  3490 | D:4      | 3490 ||| Stepping ~*~*~tactically~*~*~ (stealth).
  3492 | D:4      | 3492 ||| Stepping ~*~*~tactically~*~*~ (stealth).
  3493 | D:4      | 3493 ||| Stepping ~*~*~tactically~*~*~ (stealth).
  3494 | D:4      | 3494 ||| Stepping ~*~*~tactically~*~*~ (stealth).
  3512 | D:4      | Killed Natasha
  3739 | D:4      | 3739 ||| UPGRADING to +0 plate armour.
  3749 | D:4      | 3749 ||| DROPPING +0 chain mail.
  3750 | D:4      | 3750 ||| READING scroll labelled UCKUTEXILL.
  3754 | D:4      | 3754 ||| READING 2 scrolls of identify.
  3754 | D:4      | 3754 ||| IDENTIFYING emerald potion
  3755 | D:4      | 3755 ||| DROPPING potion of berserk rage.
  3766 | D:5      | Entered Level 5 of the Dungeon
  3863 | D:5      | Reached skill level 7 in Axes
  3945 | D:5      | Found a runed translucent gate.
  3946 | D:5      | Found a runed translucent gate.
  3946 | D:5      | Noticed qw's ghost (novice GrFi)
  3947 | D:5      | Found a runed translucent gate.
  3980 | D:5      | 3980 ||| Stepping ~*~*~tactically~*~*~ (hiding).
  3981 | D:5      | 3981 ||| Stepping ~*~*~tactically~*~*~ (hiding).
  4043 | D:5      | 4043 ||| READING scroll of enchant armour.
  4043 | D:5      | 4043 ||| ENCHANTING +0 pair of boots.
  4114 | D:5      | Reached XP level 8. HP: 48/48 MP: 8/8
  4153 | D:5      | 4153 ||| Stepping ~*~*~tactically~*~*~ (stealth).
  4165 | D:5      | Reached skill level 1 in Throwing
  4481 | D:5      | Found a staircase to the Ecumenical Temple.
  4487 | D:5      | 4487 ||| PLANNING TEMPLE
  4491 | Temple   | Entered the Ecumenical Temple
  4504 | Temple   | 4504 ||| PLANNING D:1-11
  4537 | D:5      | 4537 ||| FLEEEEING.
  4538 | D:5      | 4538 ||| FLEEEEING.
  4544 | D:5      | 4544 ||| STAIRDANCE
  4546 | D:4      | 4546 ||| FLEEEEING.
  4547 | D:4      | 4547 ||| FLEEEEING.
  4548 | D:4      | 4548 ||| FLEEEEING.
  4549 | D:4      | 4549 ||| STAIRDANCE
  4669 | D:4      | 4669 ||| UPGRADING to +4 ring of protection.
  4670 | D:4      | 4670 ||| READING scroll labelled XELIRRIKLY.
  4677 | D:5      | 4677 ||| Stepping ~*~*~tactically~*~*~ (hiding).
  4680 | D:5      | 4680 ||| STAIRDANCE
  4893 | D:5      | Found a sparkling altar of Nemelex Xobeh.
  5066 | D:5      | Identified the +5 mace "Uzomy" {antimagic, rN+ Dex+4}
  5066 | D:5      | Identified the +4 ring mail of Space {Int+6 Dex+3}
  5104 | D:6      | 5104 ||| STAIRDANCE
  5378 | D:6      | Reached skill level 8 in Axes
  5457 | D:6      | Noticed a yak
  5458 | D:6      | 5458 ||| Stepping ~*~*~tactically~*~*~ (stealth).
  5460 | D:6      | Noticed a yak
  5463 | D:6      | Noticed a yak
  5465 | D:6      | Noticed a yak
  5466 | D:6      | Noticed a yak
  5467 | D:6      | Noticed a yak
  5470 | D:6      | HP: 9/50 [yak (7)]
  5471 | D:6      | Slain by a yak

Levels and vault maps discovered:
D:1:      minmay_arrival_radiant_lines, layout_loops_ring,
          hellmonk_ecumenical_altar_watching_god, minmay_tetromino_o4
D:2:      layout_rooms, minivault_19, serial_bayou_pond_a, supply_closet_lemuel,
          uniq_terence
D:3:      layout_basic, nicolae_uskayaw_suspiria, minmay_statues_item, hex_tiny
D:4:      layout_rooms, lemuel_crystal_altar, minmay_misc_feat_tiny,
          uniq_natasha
D:5:      layout_loops_ring, kennysheep_mini, minmay_temple_entry_antechambers,
          biasface_ghost_orc_armoury, serial_aquarium, aquarium_bridge_straight
          [aquarium_subvault_bridge, aquarium_subvault_wall,
          aquarium_subvault_bridge, aquarium_subvault_wall],
          aquarium_window_corner, aquarium_window_corner, aquarium_window_1,
          aquarium_view_2c, aquarium_view_2e, aquarium_pool_side,
          roderic_roman_lattice
D:6:      layout_basic
Temple:   hellmonk_temple_two_chambers

Skill      XL: |  1  2  3  4  5  6  7  8 |
---------------+-------------------------+-----
Axes           | 2 3 4 5 6 7 8 |  8.0
Fighting       | 4 5 |  5.4
Dodging        | 1 |  1.2
Armour         | 4 |  4.0
Throwing       | 1 |  1.6
Shields        | |  3.2

Action                   |  1- 3 |  4- 6 |  7- 9 || total
-------------------------+-------+-------+-------++-------
Melee: War axe           |   105 |   181 |   150 ||   436
Throw: Boomerang         |     4 |    54 |    35 ||    93
  Use: Scroll            |     5 |     2 |     4 ||    11
       Potion            |     1 |     3 |     1 ||     5
Armor: Scale mail        |    67 |    17 |       ||    84
       Chain mail        |       |    88 |    36 ||   124
       Plate armour      |       |       |    67 ||    67
Dodge: Dodged            |    43 |    67 |    58 ||   168
Block: Buckler           |    17 |    30 |    25 ||    72

Table legend:
 A = Non-vault XP
 B = Vault XP
 C = Vault XP percentage of total XP
 D = Non-vault monster count
 E = Vault monster count
 F = Vault count percentage of total count
                 A         B        C        D         E       F
            +---------+---------+-------+---------+---------+-------
      Total |    1751 |      78 |   4.3 |     113 |       5 |   4.2
            +---------+---------+-------+---------+---------+-------
        D:1 |      51 |       6 |  10.5 |      31 |       3 |   8.8
        D:2 |      42 |      36 |  46.2 |      18 |       1 |   5.3
        D:3 |     204 |       0 |   0.0 |      23 |       0 |   0.0
        D:4 |     689 |      36 |   5.0 |      26 |       1 |   3.7
        D:5 |     563 |       0 |   0.0 |      10 |       0 |   0.0
        D:6 |     202 |       0 |   0.0 |       5 |       0 |   0.0
            +---------+---------+-------+---------+---------+-------
